 Dungeon Crawl Stone Soup version 0.21-a0-404-g291f19a (webtiles) character file.

1805 Chaoticas the Cleaver (level 8, 0/72 HPs)
             Began as a Deep Dwarf Fighter on Oct 31, 2017.
             Was a Follower of Makhleb.
             Slain by a salamander (9 damage)
             ... on level 7 of the Dungeon.
             The game lasted 00:33:34 (6815 turns).

Chaoticas the Cleaver (Deep Dwarf Fighter)          Turns: 6815, Time: 00:33:35

Health: 0/72       AC: 19    Str: 22    XL:     8   Next: 84%
Magic:  9/9        EV:  5    Int:  9    God:    Makhleb [*.....]
Gold:   338        SH: 11    Dex: 12    Spells: 7/7 levels left

rFire    . . .     SeeInvis +   a - +0 war axe
rCold    . . .     Gourm    .   c - +1 shield
rNeg     . . .     Faith    .   d - +1 chain mail {MR+}
rPois    .         Spirit   .   o - +1 helmet
rElec    .         Reflect  .   (no cloak)
rCorr    .         Harm     .   (no gloves)
MR       ++...                  h - +0 pair of boots
Stlth    ..........             (no amulet)
HPRegen  0.00/turn              z - ring of see invisible
MPRegen  0.11/turn              R - +5 ring of protection

@: non-regenerating
A: damage resistance, heal wounds, sense surroundings 1, no regeneration
a: Heal Wounds, Renounce Religion


You were on level 7 of the Dungeon.
You worshipped Makhleb.
Makhleb was aware of your devotion.
You were not hungry.

You visited 2 branches of the dungeon, and saw 8 of its levels.
You also visited: Sewer.

You collected 338 gold pieces.

Inventory:

Hand Weapons
 a - a +0 war axe (weapon)
 s - a +0 hunting sling
   (You found it on level 2 of the Dungeon)
 E - a +0 vampiric trident {!w}
   (You took it off an orc on level 4 of the Dungeon)
 I - a +0 morningstar
   (You found it on level 4 of the Dungeon)
Missiles
 m - 105 arrows
 n - 104 bolts
 y - 32 sling bullets
 D - 7 tomahawks (quivered)
 G - a throwing net {!f}
Armour
 c - a +1 shield (worn)
 d - a +1 chain mail of magic resistance (worn)
   (You took it off Duvessa on level 7 of the Dungeon)
 h - a +0 pair of boots (worn)
   (You found it on level 2 of the Dungeon)
 o - a +1 helmet (worn)
   (You found it on level 1 of the Dungeon)
 w - a +0 plate armour
   (You found it on level 2 of the Dungeon)
 K - a +0 troll leather armour {Purgy}
   (You found it in a sewer)
 O - a +0 large shield
   (You found it on level 5 of the Dungeon)
 Q - the +3 ring mail of Pipetit {Regen+ Str+3, unknown}
   (You took it off a wight on level 7 of the Dungeon)

   It affects your strength (+3).
   It increases your rate of regeneration.
Jewellery
 u - a +3 ring of intelligence
   (You found it on level 2 of the Dungeon)
 x - an uncursed ring of magical power
   (You found it on level 3 of the Dungeon)
 z - a ring of see invisible (left hand)
   (You found it on level 1 of the Dungeon)
 R - a +5 ring of protection (right hand)
   (You found it on level 5 of the Dungeon)
Wands
 t - a wand of flame (14/48)
   (You found it in a sewer)
 N - a wand of polymorph (6/24)
   (You found it on level 6 of the Dungeon)
Scrolls
 b - a scroll of blinking
 f - 2 scrolls of enchant armour
 i - 2 scrolls of amnesia
 k - 4 scrolls of remove curse {@r2}
 l - 4 scrolls of teleportation {@r4}
 p - 8 scrolls of identify {@r1}
 C - 3 scrolls of random uselessness {unknown}
 F - 3 scrolls of fear {unknown}
 H - 2 scrolls of fog {unknown}
 P - a scroll of recharging
Potions
 e - 3 potions of flight
 j - a potion of brilliance {unknown}
 v - a potion of mutation {unknown}
 A - 6 potions of curing {@q1}
 B - a potion of heal wounds {@q2}
 J - a potion of agility {unknown}
 L - a potion of degeneration {unknown}
 S - a potion of might
Comestibles
 r - 2 royal jellies
 M - 5 fruits


   Skills:
 + Level 3.9 Fighting
 * Level 10.9 Axes
 + Level 4.6 Armour
 + Level 4.6 Shields
 * Level 2.6 Invocations


You had 7 spell levels left.
You didn't know any spells.

Dungeon Overview and Level Annotations

Branches:
Dungeon (7/15)             Temple (1/1) D:7

Altars:
Dithmenos
Gozag
Hepliaklqana
Makhleb
Nemelex Xobeh
Okawaru
Qazlal
Ru
Sif Muna
Trog
Wu Jian
Xom
Zin
The Shining One

Annotations:
D:7 Menkaure


Innate Abilities, Weirdness & Mutations

You are resistant to damage.
You can heal yourself by infusing magical energy.
You passively map a small area around you.
You do not regenerate.


Message History

You climb downwards.
Level annotation: Menkaure
There is a stone staircase leading up here.
You feel much better.
n - 104 bolts (gained 19)
You see here 14 poisoned needles.
There isn't anything to butcher here.
A crimson imp comes into view.
The crimson imp shouts!
The crimson imp hits you but does no damage.
You closely miss the crimson imp.
The crimson imp hits you but does no damage.
You closely miss the crimson imp.
The crimson imp laughs crazily.
You block the crimson imp's attack.
You closely miss the crimson imp.
The crimson imp hits you but does no damage.
Your shield and chain mail prevent you from hitting the crimson imp.
The crimson imp hits you.
You slash the crimson imp!
You kill the crimson imp!
Makhleb accepts your kill.
Your life force feels restored.
No target in view!
A hippogriff comes into view.
The hippogriff screeches!
Aim: a hippogriff (chance to defeat MR: 41%)
The hippogriff evaporates and reforms as a salamander!
Evoking this partially-identified wand wasted a few charges.
The salamander hits you!
You are engulfed in flames!
* * * LOW HITPOINT WARNING * * *
You slash the salamander!
The salamander hits you but does no damage.
You hit the salamander.
The salamander hits you but does no damage.
You hit the salamander. You block the salamander's attack.
Your chain mail prevents you from hitting the salamander.
You block the salamander's attack.
You hit the salamander. You block the salamander's attack.
You hit the salamander but do no damage.
The salamander hits you but does no damage.
You hit the salamander. You block the salamander's attack.
You closely miss the salamander. The salamander hits you!
* * * LOW HITPOINT WARNING * * *
You are engulfed in flames!
* * * LOW HITPOINT WARNING * * *
You slash the salamander! The salamander hits you.
* * * LOW HITPOINT WARNING * * *
You are engulfed in flames!
You die...

* *#............. *
,....... #.............
.......## *#............
........## #............
* .........#
*#...........
,.........# ##........(#
,.........##
####.......#
..........###...######..
#.....N@.....#### ##.
##..#......### ##
*#.....#### ##.#### #.*
., #, * * *


You could see a salamander.

Vanquished Creatures
  A hungry ghost (D:6)
  Duvessa (D:7)
  Purgy (Sewer)
  A phantom (D:4)
  2 ogres
  A big kobold (D:7)
  A bullfrog (D:7)
  Blork the orc (D:5)
  Dowan (D:7)
  2 scorpions
  3 wights (D:7)
  3 crimson imps
  3 orc priests
  2 hounds
  A jelly (D:7)
  4 orc wizards
  An iguana (D:6)
  2 hound skeletons (D:4)
  Robin (D:2)
  8 adders
  5 gnolls
  2 worms
  5 dart slugs
  2 leopard geckos
  23 orcs
  2 giant cockroaches
  19 goblins
  12 hobgoblins
  9 jackals
  5 quokkas
  A ball python (D:2)
  12 bats
  6 frilled lizards
  A jackal skeleton (D:4)
  12 kobolds
  A leopard gecko zombie (D:7)
  7 rats
164 creatures vanquished.

Notes
Turn   | Place    | Note
-------+----------+-------------------------------------------
     0 | D:1      | Chaoticas the Deep Dwarf Fighter began the quest for the Orb.
     0 | D:1      | Reached XP level 1. HP: 20/20 MP: 1/1
   161 | D:1      | Reached skill level 3 in Axes
   164 | D:1      | Reached XP level 2. HP: 24/27 MP: 2/2
   380 | D:1      | Reached XP level 3. HP: 19/33 MP: 3/3
   381 | D:1      | Reached skill level 4 in Axes
   993 | D:2      | Found a faded altar of an unknown god.
  1230 | D:2      | Noticed Robin
  1256 | D:2      | Reached XP level 4. HP: 24/40 MP: 4/4
  1265 | D:2      | Killed Robin
  1265 | D:2      | Reached skill level 5 in Axes
  2720 | D:3      | Reached XP level 5. HP: 41/46 MP: 5/5
  2724 | D:3      | Reached skill level 6 in Axes
  3392 | D:4      | Reached skill level 7 in Axes
  3392 | D:4      | Reached XP level 6. HP: 31/55 MP: 6/6
  3596 | D:4      | Reached skill level 8 in Axes
  3829 | D:4      | Found a glowing drain.
  3834 | Sewer    | Entered a sewer
  3904 | Sewer    | Noticed Purgy
  3914 | Sewer    | Killed Purgy
  3914 | Sewer    | Reached XP level 7. HP: 30/61 MP: 7/7
  4168 | D:4      | You fall through a shaft for 3 floors!
  4168 | D:7      | Noticed Duvessa
  4168 | D:7      | Noticed Dowan
  4241 | D:7      | Reached skill level 9 in Axes
  4257 | D:7      | Killed Duvessa
  4275 | D:7      | Killed Dowan
  4275 | D:7      | Reached skill level 10 in Axes
  4553 | D:7      | Found a staircase to the Ecumenical Temple.
  4559 | Temple   | Entered the Ecumenical Temple
  4567 | Temple   | Became a worshipper of Makhleb the Destroyer
  4878 | D:6      | Reached XP level 8. HP: 22/68 MP: 8/8
  4974 | D:5      | Entered Level 5 of the Dungeon
  5662 | D:5      | Noticed Blork the orc
  5673 | D:5      | Killed Blork the orc
  5759 | D:5      | Reached * piety under Makhleb
  6216 | D:6      | Found an ornate altar of the Wu Jian Council.
  6216 | D:6      | Found a faded altar of an unknown god.
  6221 | D:6      | Found an iron altar of Okawaru.
  6223 | D:6      | Found a bloodstained altar of Trog.
  6224 | D:6      | Found a faded altar of an unknown god.
  6450 | D:7      | Found a glowing silver altar of Zin.
  6453 | D:7      | Noticed an angel
  6472 | D:7      | Found a hazy altar of Hepliaklqana.
  6522 | D:7      | Reached skill level 1 in Invocations
  6531 | D:7      | Got a faintly humming ring mail
  6641 | D:7      | Noticed Menkaure
  6801 | D:7      | Noticed a hippogriff
  6804 | D:7      | Noticed a salamander
  6804 | D:7      | a hippogriff changed into a salamander
  6815 | D:7      | Slain by a salamander

Vault maps used:
D:1:      mrwooster_arrival_statue_3, minmay_domino_2
D:2:      chequers_ecumenical_altar_simple, uniq_robin
D:4:      portal_sewer_entry_e, grunt_ministairs_12
D:5:      first_bread, uniq_blork_the_orc
D:6:      chequers_temple_overflow_minitemple
D:7:      zin_angel, lemuel_round_altar, minmay_temple_entry_hall,
          uniq_menkaure, uniq_duvessa
Temple:   lightli_temple_of_artemis
Sewer:    sewer_the_crocodile

Skill      XL: |  1  2  3  4  5  6  7  8 |
---------------+-------------------------+-----
Axes           | 3 4 5 7 8 10 | 10.9
Fighting       | 3 |  3.9
Armour         | 4 |  4.6
Shields        | 4 |  4.6
Invocations    | 2 |  2.6

Action                   |  1- 3 |  4- 6 |  7- 9 || total
-------------------------+-------+-------+-------++-------
Melee: War axe           |   127 |   231 |   259 ||   617
       Unarmed           |       |       |     9 ||     9
Throw: Tomahawk          |       |     1 |       ||     1
 Abil: Heal Wounds       |       |     1 |     5 ||     6
Evoke: Wand              |       |       |     1 ||     1
  Use: Scroll            |       |    10 |     1 ||    11
       Potion            |       |     1 |     1 ||     2
  Eat: Chunk             |     1 |     9 |     2 ||    12
       Fruit             |       |       |     3 ||     3
       Meat ration       |       |       |     2 ||     2
       Bread ration      |       |       |     2 ||     2
Armor: Scale mail        |    56 |     9 |       ||    65
       Plate armour      |       |   128 |    27 ||   155
       Chain mail        |       |       |   103 ||   103
       Skin              |       |       |     6 ||     6
Dodge: Dodged            |    42 |    26 |    52 ||   120
Block: Shield            |    59 |   130 |   102 ||   291

Table legend:
 A = Spawn XP
 B = Non-spawn XP
 C = Spawn XP percentage of total XP
 D = Spawn monster count
 E = Non-spawn monster count
 F = Spawn count percentage of total count
 G = Total turns spent on level
                    A         B        C        D         E        F      G
               +---------+---------+-------+---------+---------+-------+---------
         Total |       0 |    2579 |   0.0 |       0 |     164 |   0.0 |  6815
               +---------+---------+-------+---------+---------+-------+---------
           D:1 |       0 |      64 |   0.0 |       0 |      28 |   0.0 |   839
           D:2 |       0 |      93 |   0.0 |       0 |      39 |   0.0 |  1392
           D:3 |       0 |     135 |   0.0 |       0 |      29 |   0.0 |  1075
           D:4 |       0 |     419 |   0.0 |       0 |      21 |   0.0 |   728
           D:5 |       0 |     593 |   0.0 |       0 |      17 |   0.0 |   899
           D:6 |       0 |     434 |   0.0 |       0 |      11 |   0.0 |   869
           D:7 |       0 |     693 |   0.0 |       0 |      13 |   0.0 |   862
         Sewer |       0 |     148 |   0.0 |       0 |       6 |   0.0 |   134
               +---------+---------+-------+---------+---------+-------+---------
